 Dungeon Crawl Stone Soup version 0.30.1-3-gfc49f6343a (webtiles) character file.

Game seed: 7545250801879347993

4998 Fodor the Carver (level 10, -3/88 HPs)
             Began as a Minotaur Fighter on July 24, 2023.
             Was an Initiate of Gozag.
             Slain by a vault guard
             ... wielding a +0 broad axe
              (12 damage)
             ... in a bailey.
             The game lasted 00:41:05 (7157 turns).

Fodor the Carver (Minotaur Fighter)                 Turns: 7157, Time: 00:41:05

Health: -3/88      AC: 20    Str: 24    XL:     10   Next: 29%
Magic:  0/3        EV:  9    Int:  8    God:    Gozag
Gold:   574        SH:  6    Dex: 14    Spells: 9/9 levels left

rFire   + . .        p - +7 scimitar of the Crushed Youths {antimagic, Str+3 Int+3}
rCold   . . .        c - +0 buckler
rNeg    . . .        O - +2 chain mail {Will+}
rPois   .            (helmet restricted)
rElec   .            w - scarf {repulsion}
rCorr   .            e - +2 pair of gloves
SInv    .            a - +2 pair of boots
Will    +....        B - amulet of guardian spirit Stlth
                     s - ring of fire
HPRegen 0.34/turn    A - ring of protection from cold
MPRegen 0.08/turn

%: repel missiles, guardian spirit
@: gold aura, very slow
A: horns 2, retaliatory headbutt
a: Renounce Religion, Potion Petition, Call Merchant, Bribe Branch


You were in a bailey.
You worshipped Gozag.
Gozag was pleased with you.
You visited 2 branches of the dungeon, and saw 9 of its levels.
You also visited: Sewer and Bailey.

You collected 667 gold pieces.
You paid 93 gold pieces to Gozag.

Inventory:

Hand Weapons
 p - the +7 scimitar of the Crushed Youths (weapon) {antimagic, Str+3 Int+3}
   (You found it on level 2 of the Dungeon)

   Str:       It affects your strength (+3).
   Int:       It affects your intelligence (+3).
 r - the +7 Throatcutter {drain, coup de grace}
   (You found it on level 3 of the Dungeon)
 u - a +2 flail of protection
 K - the +12 trident of a Million Bounties {flame, rC+}
   (You took it off a kobold on level 7 of the Dungeon)

   rC:        It protects you from cold.
 P - a +0 shortbow
Missiles
 x - 16 poisoned darts (quivered)
 C - 6 boomerangs
 J - a curare-tipped dart
Armour
 a - a +2 pair of boots (worn)
 c - a +0 buckler (worn)
 e - a +2 pair of gloves (worn)
 w - a scarf of repulsion (worn)
 G - a +0 plate armour
 M - the +0 pair of boots "Hunguod" {rElec}
   (You found it on level 7 of the Dungeon)

   rElec:     It insulates you from electricity.
 O - a +2 chain mail of willpower (worn)
Jewellery
 s - a ring of fire (left hand)
 A - a ring of protection from cold (right hand)
 B - an amulet of guardian spirit (around neck)
 N - a ring of protection from cold
Wands
 y - a wand of paralysis (14)
Scrolls
 g - 2 scrolls of noise {unknown}
 i - 2 scrolls of fog
 k - 3 scrolls of teleportation
 n - a scroll of vulnerability
 t - a scroll of poison
 v - a scroll of immolation
 z - 3 scrolls of magic mapping
Potions
 b - a potion of mutation {unknown}
 d - a potion of might
 f - 3 potions of heal wounds {unknown}
 h - a potion of curing
 j - a potion of ambrosia {unknown}
 l - 4 potions of haste {unknown}
 m - 2 potions of attraction {unknown}
 o - 3 potions of resistance {unknown}
 q - 2 potions of berserk rage
 D - a potion of invisibility {unknown}
 E - a potion of flight {unknown}
 F - a potion of lignification {unknown}
 H - a potion of cancellation {unknown}
 I - a potion of magic {unknown}
 L - a potion of degeneration {unknown}


   Skills:
 + Level 8.0 Fighting
 + Level 12.5 Long Blades
 + Level 0.4 Throwing
 + Level 9.4 Armour
 + Level 2.7 Dodging
 + Level 0.3 Stealth
 + Level 7.3 Shields


You had 9 spell levels left.
You didn't know any spells.
Your spell library contained the following spells:

 Spells                   Type           Power      Damage    Failure   Level
 Apportation              Tloc           0%         N/A       92%         1
 Scorch                   Fire           0%         2d5       98%         2
 Flame Wave               Conj/Fire      0%         2d4       100%        4
 Alistair's Intoxication  Tmut/Pois      0%         N/A       100%        5
 Borgnjor's Vile Clutch   Necr/Erth      0%         N/A       100%        5
 Eringya's Noxious Bog    Tmut/Pois      0%         N/A       100%        6
 Summon Cactus Giant      Summ           0%         N/A       100%        6


Dungeon Overview and Level Annotations

Branches:
Dungeon (8/15)             Temple (1/1) D:7           Sewer (visited)
 Bailey (1/1)
   Lair: D:8-11

Altars:
Ashenzari
Cheibriados
Dithmenos
Elyvilon
Gozag
Hepliaklqana
Makhleb
Nemelex Xobeh
Okawaru
Qazlal
Ru
Sif Muna
Trog
Uskayaw
Vehumet
Wu Jian
Yredelemnul
Zin
The Shining One

Annotations:
D:8 3 runed translucent doors, superradish's ghost, novice DsBr Bailey Prince Ribbit


Innate Abilities, Weirdness & Mutations

You have a pair of horns on your head.
You reflexively headbutt those who attack you in melee.


Message History

Your headbutt misses the vault guard.
The vault guard is lightly wounded.
Prince Ribbit blinks!
Your unstable footing causes you to fumble your attack.
The vault guard hits you with a +0 broad axe.
Prince Ribbit blinks!
Your unstable footing causes you to fumble your attack.
The vault guard drinks a potion.
The vault guard seems to grow stronger.
You slash the vault guard! You headbutt the vault guard.
The vault guard is moderately wounded.
The vault guard closely misses you.
You slash the vault guard!
The vault guard is heavily wounded.
The vault guard hits you with a +0 broad axe!!
* * * LOW HITPOINT WARNING * * *
It was a potion of curing.
You feel better.
Prince Ribbit catches a blue-tailed skink with his tongue.
You block Prince Ribbit's attack.
Prince Ribbit blinks!
The vault guard barely misses you.
You feel better.
The vault guard hits you with a +0 broad axe!
* * * LOW HITPOINT WARNING * * *
You feel better.
Prince Ribbit blinks!
The vault guard barely misses you.
Prince Ribbit is distracted by your dazzling golden aura.
You feel better. You block the vault guard's attack.
Your unstable footing causes you to fumble your attack.
Prince Ribbit is no longer distracted by gold.
Prince Ribbit is distracted by your dazzling golden aura.
The vault guard hits you with a +0 broad axe.
Your unstable footing causes you to fumble your attack.
Prince Ribbit is no longer distracted by gold.
You slash the vault guard!
The vault guard is heavily wounded.
The vault guard hits you with a +0 broad axe!!
* * * LOW HITPOINT WARNING * * *
You slash the vault guard!
The vault guard is severely wounded.
The vault guard hits you with a +0 broad axe!
You die...
Your body crumbles into a pile of gold.

##≈~~##'##~~~##
#≈~~.......~~~#
##≈~~...~~.....
#≈~~~~..~.~~≈≈
#≈~~~.....~≈#
#≈~~~....~≈#
###≈~~~...p~≈#
##.#≈~~~.F.@≈#
##..##≈~~~..$≈#$
##....#≈~≈≈~$~≈#
#.....##≈##≈$~≈##
#....))####≈$$~≈#
#......'..#≈..~≈#
###'####..###$###
##~~~##...#.....#
#~~~~~#...#.....#


You could see a vault guard (strong) and Prince Ribbit.

Vanquished Creatures
  Maggie (D:8)
  A wyvern (D:8)
  A steam dragon (D:7)
  3 yaks (D:8)
  6 humans (Bailey)
  A water moccasin (Sewer)
  A black bear (D:3)
  4 orc warriors
  2 ice beasts
  An ogre (D:5)
  3 phantoms (D:5)
  2 kobold brigands
  Blork the orc (D:5)
  11 bullfrogs
  2 scorpions
  5 wights (D:8)
  3 killer bees (D:7)
  A howler monkey (D:4)
  4 jellies
  A gnoll bouda (D:3)
  3 orc priests
  An iguana (D:6)
  A sleepcap (D:6)
  Ijyb (D:5)
  6 orc wizards
  3 gnolls (D:3)
  2 adders
  A river rat (D:6)
  3 white imps
  An adder skeleton (D:2)
  5 worms
  A dart slug (D:1)
  17 orcs
  18 bats
  5 endoplasms
  2 giant cockroaches (D:4)
  6 hobgoblins
  9 jackals
  3 quokkas
  4 ball pythons
  A ball python skeleton (D:2)
  A ball python zombie (D:2)
  5 frilled lizards
  A giant cockroach zombie (D:2)
  12 goblins
  A jackal skeleton (D:2)
  21 kobolds
  A quokka skeleton (D:2)
  7 rats
196 creatures vanquished.

Notes
Turn   | Place    | Note
-------+----------+-------------------------------------------
     0 | D:1      | Fodor the Minotaur Fighter began the quest for the Orb.
     0 | D:1      | Reached XP level 1. HP: 19/19 MP: 0/0
   230 | D:1      | Reached XP level 2. HP: 18/27 MP: 1/1
   756 | D:1      | Reached skill level 3 in Long Blades
   791 | D:1      | Reached XP level 3. HP: 33/33 MP: 2/2
  1103 | D:2      | Identified the +7 scimitar of the Crushed Youths
                  | {antimagic, Str+3 Int+3}
  1391 | D:2      | You fall into a shaft and drop 1 floor!
  1416 | D:3      | Noticed a black bear
  1434 | D:3      | Killed a black bear
  1435 | D:3      | Reached skill level 4 in Long Blades
  1435 | D:3      | Reached XP level 4. HP: 31/40 MP: 1/3
  1479 | D:3      | Found the +7 Throatcutter {drain, coup de grace}
  1479 | D:3      | Noticed a kobold brigand
  1486 | D:3      | Reached XP level 5. HP: 46/46 MP: 1/4
  1912 | D:3      | Reached skill level 5 in Armour
  2048 | D:3      | Reached skill level 5 in Shields
  2048 | D:3      | Reached XP level 6. HP: 45/53 MP: 1/5
  2780 | D:4      | Reached skill level 5 in Long Blades
  3398 | D:4      | Reached skill level 5 in Fighting
  3398 | D:4      | Reached XP level 7. HP: 54/61 MP: 2/6
  3421 | D:4      | Reached skill level 6 in Long Blades
  3443 | D:4      | Found a glowing golden altar of the Shining One.
  3498 | D:4      | Found a broken altar of Ashenzari.
  4032 | D:5      | Entered Level 5 of the Dungeon
  4173 | D:5      | Reached skill level 1 in Dodging
  4216 | D:5      | Noticed Ijyb
  4217 | D:5      | Paralysed by Ijyb for 3 turns
  4229 | D:5      | Killed Ijyb
  4309 | D:5      | Noticed Blork the orc
  4314 | D:5      | Killed Blork the orc
  4315 | D:5      | Reached skill level 7 in Long Blades
  4486 | D:5      | Found a basalt altar of Yredelemnul.
  4548 | D:5      | Reached XP level 8. HP: 64/70 MP: 2/7
  4957 | D:6      | Reached skill level 8 in Long Blades
  5058 | D:6      | Found a glowing drain.
  5067 | Sewer    | Entered a sewer
  5251 | D:6      | Reached skill level 9 in Long Blades
  5288 | D:6      | Found an iron altar of Okawaru.
  5518 | D:7      | Found a staircase to the Ecumenical Temple.
  5529 | Temple   | Entered the Ecumenical Temple
  5584 | Temple   | Became a worshipper of Gozag Ym Sagoz the Greedy
  5722 | D:7      | Identified the +12 trident of a Million Bounties {flame,
                  | rC+}
  5749 | D:7      | Reached skill level 10 in Long Blades
  5774 | D:7      | Reached XP level 9. HP: 77/78 MP: 2/8
  5877 | D:7      | Found a shadowy altar of Dithmenos.
  5878 | D:7      | Found a glowing silver altar of Zin.
  5992 | D:7      | Identified the +0 robe of Midsummer {Contam rN+++ rCorr
                  | Int+5}
  6062 | D:7      | Identified the +0 pair of boots "Hunguod" {rElec}
  6510 | D:8      | Found a white marble altar of Elyvilon.
  6543 | D:8      | Reached skill level 11 in Long Blades
  6777 | D:8      | Found a runed translucent gate.
  6777 | D:8      | Found a runed translucent gate.
  6777 | D:8      | Found a runed translucent gate.
  6777 | D:8      | Found a flagged portal.
  6778 | D:8      | Noticed superradish's ghost (novice DsBr)
  6778 | D:8      | Noticed a spectral unseen horror
  6779 | D:8      | Noticed Maggie
  6798 | D:8      | Killed Maggie
  6799 | D:8      | Reached skill level 12 in Long Blades
  6806 | Bailey   | Entered a bailey
  6903 | Bailey   | Reached XP level 10. HP: 72/88 MP: 3/9
  7115 | Bailey   | Noticed Prince Ribbit
  7135 | Bailey   | Noticed a vault guard
  7157 | Bailey   | Slain by a vault guard

Illustrated notes

Levels and vault maps discovered:
D:1:      dpeg_arrival_round_a, layout_basic, dk_noncrumbling_3,
          minmay_tetromino_i2
D:2:      layout_loops_corners, serial_undead, serial_undead_e, serial_undead_b,
          serial_undead_c, serial_undead_f
D:3:      layout_basic, dilly_guarded_unrand_throatcut
D:4:      layout_layer_cave, lemuel_round_altar, cheibrodos_ashenzari_chains
D:5:      layout_loops_ring, lemuel_tele_altar, uniq_ijyb, uniq_blork_the_orc
D:6:      layout_rooms, okawaru_gym_becter, gup_sewer_entry_bubbles
D:7:      layout_basic, chequers_temple_overflow_statue_of_worship,
          minmay_temple_entry_offerings, chequers_serial_rivers_marsh
D:8:      layout_basic, mainiacjoe_overflow_cross_hatched, xom_butterflies,
          enter_bailey_5, gammafunk_ghost_necromancy, grunt_livestock,
          uniq_maggie
Temple:   nicolae_temple_x_marks_the_god
Bailey:   bailey_axe_froggy_fort_hellmonk, bailey

Skill      XL: |  1  2  3  4  5  6  7  8  9 10 |
---------------+-------------------------------+-----
Armour         | 4 5 6 7 8 9 |  9.4
Shields        | 4 5 6 7 |  7.3
Long Blades    | 3 4 5 7 10 12 | 12.5
Fighting       | 4 5 6 7 8 |  8.0
Dodging        | 1 2 |  2.7
Throwing       | |  0.4
Stealth        | |  0.3

Action                     |  1- 3 |  4- 6 |  7- 9 | 10-12 || total
---------------------------+-------+-------+-------+-------++-------
  Melee: Long sword        |    69 |       |       |       ||    69
         Headbutt          |    14 |    12 |    39 |     7 ||    72
         Scimitar          |    24 |    84 |   227 |    54 ||   389
  Throw: Dart              |       |       |     2 |       ||     2
    Use: Scroll            |       |       |     7 |       ||     7
         Potion            |       |       |       |     4 ||     4
 Armour: Scale mail        |    43 |       |       |       ||    43
         Chain mail        |    50 |    52 |    93 |    39 ||   234
         Plate armour      |       |       |    34 |       ||    34
  Dodge: Dodged            |    55 |    28 |    81 |    30 ||   194
         Repelled          |       |       |     1 |       ||     1
  Block: Buckler           |    26 |    19 |    53 |    37 ||   135
